 Dungeon Crawl Stone Soup version 0.24.0-123-gd5b16e6ec5 (webtiles) character file.

Game seed: 2248405725861869131, levelgen mode: deterministic

104 AuftragZ the Charmwright (level 4, -3/37 HPs)
             Began as a Draconian Skald on Jan 28, 2020.
             Was a Follower of Wu Jian.
             Slain by an orc
             ... wielding a +0 flail
              (4 damage)
             ... on level 3 of the Dungeon.
             The game lasted 00:07:04 (2120 turns).

AuftragZ the Charmwright (Draconian Skald)          Turns: 2120, Time: 00:07:05

Health: -3/37      AC:  7    Str: 15    XL:     4   Next: 52%
Magic:  6/7        EV: 13    Int: 13    God:    Wu Jian [*.....]
Gold:   102        SH:  0    Dex: 10    Spells: 4/7 levels left

rFire    + . .     SeeInvis .   a - +1 hand axe
rCold    x . .     Gourm    .   (no shield)
rNeg     . . .     Faith    .   (armour unavailable)
rPois    .         Spirit   .   e - +2 hat
rElec    .         Reflect  .   (no cloak)
rCorr    .         Harm     .   (no gloves)
MR       .....                  (no boots)
Stlth    +.........             (no amulet)
HPRegen  0.12/turn              i - ring of fire
MPRegen  0.10/turn              (no ring)

@: singing
A: unfitting armour, cold-blooded, AC +5
a: Renounce Religion


You were on level 3 of the Dungeon.
You worshipped Wu Jian.
Wu Jian was aware of your devotion.
You were very hungry.

You visited 1 branch of the dungeon, and saw 3 of its levels.

You collected 102 gold pieces.

Inventory:

Hand Weapons
 a - a +1 hand axe (weapon)
Armour
 e - a +2 hat (worn)
Jewellery
 i - a ring of fire (left hand)
Scrolls
 b - 3 scrolls of teleportation
 d - a scroll of fear
Comestibles
 c - 4 rations


   Skills:
 + Level 2.6 Fighting
 + Level 2.7 Axes
 + Level 3.2 Dodging
 + Level 2.3 Spellcasting
 + Level 3.2 Charms


You had 4 spell levels left.
You knew the following spells:

 Your Spells              Type           Power        Failure   Level  Hunger
a - Infusion              Chrm           ##..         6%          1    #......
b - Song of Slaying       Chrm           ##......     10%         2    ###....

Your spell library contained the following spells:

 Spells                   Type           Power        Failure   Level  Hunger
 Shroud of Golubria       Chrm/Tloc      #.....       19%         2    ###....
 Regeneration             Chrm/Necr      #.........   36%         3    ###....
 Spectral Weapon          Hex/Chrm       #.......     36%         3    ###....


Dungeon Overview and Level Annotations

Branches:
Dungeon (3/15)

Altars:
Hepliaklqana
Nemelex Xobeh
Wu Jian


Innate Abilities, Weirdness & Mutations

Your plain brown scales are hard. (AC +5)
You cannot fit into any form of body armour.
You are cold-blooded and may be slowed by cold attacks.


Message History

You tail-slap the iguana.
The iguana is heavily wounded.
The iguana closely misses you.
You barely miss the hobgoblin. You hit the adder. You closely miss the iguana.
The adder closely misses you. The iguana closely misses you.
The hobgoblin misses you.
You spin and attack the hobgoblin.
You hit the hobgoblin.
The hobgoblin is severely wounded.
The hobgoblin closely misses you.
Firing (i - inventory) No suitable missiles.
Press: ? - help, Shift-Dir - straight line, f - hobgoblin
Aim: a hobgoblin (severely wounded, pinned by a whirlwind)
Okay, then.
The adder bites you but does no damage.
You barely miss the orc.
The orc is almost dead.
You hit the ooze. You closely miss the adder.
The ooze hits you but does no damage. The adder closely misses you.
The orc hits you with a +0 flail.
You die...

.... ..##
#######.##...
..........#
.......(..#####
..............#
........†K###.#
.........l# #.#
.......goS###.#
........J@#...#
..........#.###
..........#...#
..........##.#
######...##.#
#......#
####.### ####.#
#....#


You could see an iguana, an ooze, an adder, an orc, a hobgoblin and a kobold.

Vanquished Creatures
  Robin (D:2)
  An adder (D:2)
  A gnoll (D:1)
  An ooze (D:1)
  A dart slug (D:1)
  3 leopard geckos (D:1)
  2 ball pythons (D:1)
  2 giant cockroaches (D:1)
  13 goblins
  12 hobgoblins
  5 jackals (D:2)
  A bat (D:2)
  4 frilled lizards
  8 kobolds
  A rat (D:1)
56 creatures vanquished.

Notes
Turn   | Place    | Note
-------+----------+-------------------------------------------
     0 | D:1      | AuftragZ the Draconian Skald began the quest for the Orb.
     0 | D:1      | Reached XP level 1. HP: 17/17 MP: 3/3
   228 | D:1      | Reached XP level 2. HP: 13/24 MP: 5/5
   779 | D:1      | Reached XP level 3. HP: 27/30 MP: 6/6
   783 | D:1      | Learned a level 2 spell: Song of Slaying
  1308 | D:2      | Found an ornate altar of the Wu Jian Council.
  1313 | D:2      | Found a hazy altar of Hepliaklqana.
  1318 | D:2      | Found a sparkling altar of Nemelex Xobeh.
  1337 | D:2      | Became a worshipper of the Wu Jian Council
  1340 | D:2      | Noticed Robin
  1350 | D:2      | Reached XP level 4. HP: 30/37 MP: 5/7
  1354 | D:2      | Killed Robin
  1544 | D:2      | Reached * piety under Wu Jian
  2115 | D:3      | HP: 1/37 [orc/+0 flail (6)]
  2120 | D:3      | Slain by an orc

Levels and vault maps discovered:
D:1:      kennysheep_arrival_forest, layout_basic, chequers_jeans
D:2:      layout_basic, grunt_temple_overflow_open, first_ration, uniq_robin
D:3:      layout_basic, cheibrodos_ashenzari_chains, uniq_sigmund

Skill      XL: |  1  2  3  4 |
---------------+-------------+-----
Charms         | 3 |  3.2
Dodging        | 3 |  3.2
Fighting       | |  2.6
Axes           | |  2.7
Spellcasting   | |  2.3

Action                   |  1- 3 |  4- 6 || total
-------------------------+-------+-------++-------
Melee: Hand axe          |    75 |    49 ||   124
       Tailslap          |     6 |     6 ||    12
 Cast: Infusion          |     1 |       ||     1
       Song of Slaying   |     2 |     2 ||     4
Invok: Lunge             |     1 |     2 ||     3
       Whirlwind         |       |    12 ||    12
  Use: Scroll            |     4 |     4 ||     8
       Potion            |       |     2 ||     2
  Eat: Chunk             |     1 |     2 ||     3
Armor: Skin              |    29 |    21 ||    50
Dodge: Dodged            |    86 |    64 ||   150
